Map: 2000 Atmospheres LE

Players

Zoun

  • Race: Protoss Protoss

DPGDark (Dark) - Winner!

  • Race: Zerg Zerg
  • League: Master

Event: TSL 7

VOD

Have the link to the VOD?

Description

Time

  • Played on: June 12, 2021, 8:18 a.m.
  • Length: 10:07

All games in this series

Show
View Real Time Build Order
Export as new Build Order

Zoun Protoss 

Build Orders: 1 Gate Expand, Oracle Opening, Zealot Archon 

Get SALT Encoding   

  12  0:00  Probe  
  13  0:12  Probe  
  14  0:19  Pylon  
  14  0:24  Probe  
  15  0:37  Probe (Chrono Boost)  
  15  0:40  Gateway  
  16  0:47  Probe (Chrono Boost)  
  16  0:48  Assimilator  
  17  0:52  Probe (Chrono Boost)  
  18  1:03  Probe  
  19  1:16  Probe  
  20  1:26  Nexus  
  20  1:37  Cybernetics Core  
  20  1:40  Probe  
  20  1:46  Assimilator  
  21  1:52  Probe  
  22  1:55  Pylon  
  22  2:04  Probe  
  23  2:10  Adept (Chrono Boost)  
  23  2:13  Warp Gate  
  25  2:16  Probe  
  26  2:25  Stargate  
  26  2:28  Probe (Chrono Boost)  
  27  2:31  Adept (Chrono Boost)  
  29  2:39  Probe (Chrono Boost)  
  31  2:46  Probe (Chrono Boost)  
  31  2:49  Probe (Chrono Boost)  
  32  2:53  Probe (Chrono Boost)  
  32  2:54  Probe (Chrono Boost)  
  34  3:01  Adept  
  34  3:05  Probe x2  
  37  3:06  Oracle (Chrono Boost)  
  41  3:17  Probe x2  
  43  3:21  Pylon  
  41  3:29  Probe, Gateway  
  41  3:30  Probe, Void Ray (Chrono Boost)  
  48  3:41  Probe  
  48  3:44  Probe  
  49  3:51  Pylon  
  49  3:53  Probe  
  50  3:57  Probe  
  51  4:05  Probe, Adept  
  51  4:09  Probe  
  55  4:15  Nexus  
  55  4:17  Probe  
  55  4:21  Probe  
  57  4:24  Pylon  
  57  4:25  Void Ray, Assimilator x2  
  57  4:26  Stargate  
  61  4:33  Probe  
  62  4:42  Probe  
  62  4:44  Shield Battery  
  63  4:48  Forge  
  63  4:49  Twilight Council  
  63  4:50  Probe  
  64  4:58  Probe  
  63  5:01  Adept  
  63  5:02  Probe  
  63  5:06  Pylon, Void Ray  
  64  5:10  Probe  
  69  5:14  Probe  
  70  5:24  Probe (Chrono Boost)  
  70  5:27  Probe (Chrono Boost)  
  70  5:28  Probe (Chrono Boost)  
  71  5:31  Charge, Protoss Ground Weapons Level 1  
  72  5:36  Probe (Chrono Boost)  
  72  5:38  Probe x2 (Chrono Boost)  
  72  5:41  Probe (Chrono Boost)  
  72  5:42  Gateway x2  
  75  5:43  Probe (Chrono Boost)  
  75  5:44  Probe (Chrono Boost)  
  75  5:47  Gateway  
  75  5:48  Void Ray  
  75  5:49  Gateway  
  77  5:50  Probe  
  77  5:53  Probe, Void Ray  
  83  6:02  Assimilator  
  87  6:04  Assimilator  
  87  6:11  Templar Archives, Probe, Pylon  
  87  6:12  Probe  
  87  6:17  Probe  
  90  6:24  Probe  
  91  6:27  Psionic Storm  
  91  6:28  Gateway  
  91  6:30  Robotics Facility  
  91  6:32  Sentry  
  93  6:33  Pylon  
  93  6:35  Gateway  
  93  6:37  Gateway  
  93  6:39  Probe x3  
  96  6:40  Gateway  
  96  6:42  Pylon  
  96  6:52  Photon Cannon  
  96  6:54  Shield Battery  
  96  6:57  High Templar  
  96  7:01  High Templar  
  100  7:04  Pylon  
  100  7:05  Pylon  
  100  7:07  Photon Cannon  
  100  7:09  Gateway  
  100  7:10  Gateway  
  100  7:13  High Templar  
  102  7:16  Warp Prism (Chrono Boost)  
  102  7:21  High Templar  
  106  7:25  Photon Cannon  
  106  7:29  Pylon  
  104  7:37  Zealot x5  
  104  7:38  Zealot x2  
  104  7:42  Shield Battery  
  118  7:45  High Templar x2  
  118  7:49  Observer (Chrono Boost), Archon  
  123  7:51  Pylon  
  123  7:52  Pylon  
  123  7:54  Zealot  
  125  8:07  Zealot x2  
  125  8:08  Zealot x6  
  129  8:20  Archon  
  129  8:21  Zealot x3  
  129  8:22  Zealot  
  111  8:28  Zealot x5  
  111  8:29  Zealot  
  109  8:35  High Templar x2  
  105  8:42  High Templar x2, Fleet Beacon  
  105  8:46  Sentry  
  111  8:50  Immortal (Chrono Boost)  
  115  9:03  Zealot x5  
  115  9:09  Zealot x2  
  124  9:12  Zealot x2  
  120  9:19  Zealot x2  
  120  9:24  High Templar x2  
  124  9:28  Archon  
  124  9:30  Zealot x3  
  124  9:34  Zealot  
  124  9:37  Zealot x2  
  122  9:40  Zealot x2  
  122  9:42  Archon  
  122  9:43  Zealot  
  80  9:52  Zealot x3  
Show
View Real Time Build Order
Export as new Build Order

DPGDark Zerg - Winner!

Build Orders: Hatch First, Roach Hydra 

Get SALT Encoding   

  12  0:00  Drone  
  13  0:12  Overlord  
  13  0:16  Drone  
  14  0:30  Drone x2  
  16  0:36  Drone  
  17  0:46  Drone  
  18  0:55  Hatchery  
  17  0:59  Drone  
  17  1:00  Extractor  
  17  1:13  Spawning Pool  
  17  1:16  Drone  
  17  1:18  Drone  
  18  1:28  Drone  
  19  1:40  Drone  
  20  1:49  Drone  
  21  2:00  Zergling x2  
  22  2:02  Metabolic Boost  
  22  2:06  Queen  
  22  2:07  Queen  
  26  2:10  Zergling x2  
  26  2:14  Overlord  
  27  2:19  Drone  
  28  2:32  Drone x2  
  28  2:33  Drone  
  31  2:41  Zergling x2  
  32  2:46  Hatchery  
  32  2:48  Queen  
  33  2:52  Overlord  
  33  2:56  Drone  
  33  2:57  Drone  
  34  3:01  Drone  
  35  3:06  Overlord  
  35  3:11  Spore Crawler  
  34  3:16  Spore Crawler  
  34  3:17  Drone x2  
  34  3:19  Drone  
  34  3:26  Drone x3  
  38  3:28  Drone  
  38  3:29  Drone  
  40  3:34  Queen  
  40  3:37  Drone  
  43  3:42  Drone x2  
  45  3:50  Drone x2  
  45  3:52  Extractor  
  45  3:55  Spore Crawler  
  45  3:59  Drone x5  
  45  4:01  Drone x2  
  52  4:07  Lair  
  52  4:13  Zergling x4  
  54  4:17  Spore Crawler  
  54  4:19  Queen  
  54  4:21  Drone  
  54  4:22  Drone  
  54  4:23  Drone  
  56  4:25  Drone  
  56  4:28  Drone  
  57  4:32  Overlord  
  57  4:41  Overlord  
  57  4:43  Extractor  
  57  4:44  Extractor, Zergling x4  
  57  4:50  Drone x4  
  61  4:54  Drone x2  
  61  4:55  Drone  
  61  4:57  Drone x2  
  61  4:58  Drone  
  63  5:00  Drone  
  63  5:02  Drone x3  
  63  5:04  Drone x2  
  69  5:10  Drone, Hydralisk Den  
  69  5:11  Drone  
  70  5:15  Drone x2  
  70  5:18  Extractor  
  70  5:29  Drone x4  
  70  5:30  Overlord x2  
  70  5:33  Extractor  
  72  5:39  Drone x2  
  72  5:41  Muscular Augments  
  73  5:49  Hydralisk x4  
  75  5:50  Hydralisk x3  
  75  5:52  Hydralisk  
  75  5:57  Overlord  
  89  5:59  Overlord  
  89  6:04  Evolution Chamber  
  89  6:05  Hydralisk  
  89  6:07  Overlord  
  89  6:09  Overlord  
  90  6:16  Drone  
  90  6:17  Drone x5  
  90  6:18  Hydralisk  
  98  6:27  Hydralisk x2  
  98  6:29  Drone  
  98  6:30  Drone x2  
  105  6:34  Zerg Missile Weapons Level 1  
  105  6:36  Roach Warren  
  104  6:44  Hatchery  
  104  6:46  Hydralisk  
  105  6:48  Hydralisk  
  105  6:50  Hydralisk  
  105  6:52  Grooved Spines  
  109  6:55  Hydralisk x2  
  109  6:58  Hydralisk  
  109  7:01  Hydralisk  
  114  7:03  Overlord  
  114  7:07  Hydralisk x2  
  120  7:19  Glial Reconstitution  
  120  7:20  Overlord x5  
  120  7:24  Hydralisk  
  120  7:26  Hydralisk x2  
  120  7:27  Hydralisk  
  128  7:39  Hydralisk x4  
  128  7:41  Drone x3  
  140  7:44  Drone x4  
  140  7:49  Roach x3  
  140  7:51  Roach  
  151  7:53  Roach  
  151  7:55  Roach  
  151  7:57  Roach  
  155  7:59  Roach x2  
  155  8:01  Roach  
  155  8:03  Roach  
  160  8:08  Roach x3  
  166  8:16  Roach  
  166  8:17  Roach x5  
  166  8:19  Roach  
  172  8:20  Roach  
  172  8:22  Roach  
  172  8:24  Hydralisk x2  
  150  8:27  Hydralisk  
  150  8:29  Drone x2  
  149  8:37  Hydralisk x4  
  157  8:42  Roach x2  
  157  8:43  Roach  
  157  8:45  Roach  
  157  8:46  Roach  
  157  8:47  Roach  
  169  8:49  Roach  
  169  8:50  Roach  
  169  8:53  Ravager x2  
  169  8:54  Ravager  
  176  9:22  Overlord, Roach  
  176  9:23  Overlord x2  
  176  9:30  Hydralisk x3, Roach  
  176  9:33  Overlord  
  170  9:38  Hydralisk x2  
  170  9:39  Hydralisk  
  170  9:45  Roach x2  
  170  9:46  Roach x3  
Tags
 
Add a new tag
Caveats
  • Supply blocks, unpowered buildings, or Contaminate may cause inaccurate times.
  • Supply counts are checked every 10 seconds.